 Dungeon Crawl Stone Soup version 0.32-a0-933-ga8fa3634e4 (webtiles) character file.

Game seed: 5826024271582798327

79956 MirrMurr the Marksminotaur (level 15, -6/141 HPs)
             Began as a Minotaur Hunter on Apr 14, 2024.
             Was a High Priest of the Shining One.
             Hit by a large rock thrown by a cyclops (20 damage)
             ... on level 15 of the Dungeon.
             The game lasted 01:01:12 (28330 turns).

MirrMurr the Marksminotaur (Minotaur Hunter)       Turns: 28330, Time: 01:01:12

Health: -6/141     AC: 20    Str: 16    XL:     15   Next: 22%
Magic:  21/21      EV: 15    Int:  9    God:    the Shining One [*****.]
Gold:   1145       SH:  0    Dex: 21    Spells: 7/14 levels left

rFire   + . .        a - +0 longbow
rCold   . . .        (shield currently unavailable)
rNeg    + + .        R - +4 scale mail "Upyuf" {Int+3}
rPois   +            K - +1 hat
rElec   .            G - +2 cloak {rCorr}
rCorr   +            e - +0 pair of gloves
SInv    .            N - +0 pair of boots
Will    +....        (no amulet)
Stlth   +            X - ring of protection from fire
HPRegen 0.43/turn    E - ring of poison resistance
MPRegen 0.17/turn

%: no passive effects
@: glowing
A: horns 2, retaliatory headbutt
a: Renounce Religion, Divine Shield, Cleansing Flame, Summon Divine Warrior


You were on level 15 of the Dungeon.
You worshipped the Shining One.
The Shining One was extremely pleased with you.
You visited 3 branches of the dungeon, and saw 21 of its levels.
You also visited: Sewer.

You collected 1873 gold pieces.
You spent 728 gold pieces at shops.

Inventory:

Hand Weapons
 a - a +0 longbow (weapon)
 y - the +3 spear of Awkyrgh {flame, rElec rPois rF+ Str+4}
   (You found it on level 4 of the Dungeon)

   Str+4:     It affects your strength (+4).
   rF+:       It protects you from fire.
   rElec:     It insulates you from electricity.
   rPois:     It protects you from poison.
 C - a +4 rapier of venom
 P - a +0 arbalest of freezing
Missiles
 h - 22 boomerangs
 j - 73 poisoned darts
 F - 3 curare-tipped darts
 V - 3 javelins
 Z - 3 throwing nets
Armour
 e - a +0 pair of gloves (worn)
 G - a +2 cloak of preservation (worn)
 K - a +1 hat (worn)
 N - a +0 pair of boots (worn)
 R - the +4 scale mail "Upyuf" (worn) {Int+3}
   (You found it on level 9 of the Dungeon)

   Int+3:     It affects your intelligence (+3).
Jewellery
 v - a +6 ring of intelligence
 E - a ring of poison resistance (right hand)
 X - a ring of protection from fire (left hand)
Wands
 f - a wand of charming (39)
 z - a wand of iceblast (20)
 H - a wand of quicksilver (23)
 J - a wand of mindburst (11)
 L - a wand of flame (11)
 W - a wand of digging (3)
Scrolls
 b - a scroll of butterflies
 c - a scroll of acquirement {unknown}
 d - 6 scrolls of immolation
 l - 5 scrolls of fog
 o - 6 scrolls of revelation
 p - a scroll of enchant armour {unknown}
 q - 3 scrolls of fear
 u - 2 scrolls of poison
 A - 9 scrolls of noise
 D - 2 scrolls of vulnerability
 Q - 4 scrolls of teleportation
 T - 2 scrolls of blinking
 U - a scroll of brand weapon {unknown}
 Y - 2 scrolls of silence {unknown}
Potions
 g - 4 potions of attraction {unknown}
 i - 5 potions of brilliance
 k - 13 potions of curing
 m - 4 potions of lignification
 n - 2 potions of heal wounds
 r - 7 potions of haste
 s - 3 potions of cancellation
 w - 3 potions of might
 x - 2 potions of magic
 B - 4 potions of mutation
 I - 3 potions of degeneration {unknown}
 M - 3 potions of ambrosia
 O - a potion of resistance {unknown}
 S - a potion of berserk rage {unknown}
Miscellaneous
 t - a condenser vane


   Skills:
 * Level 15.1 Fighting
 - Level 16.0 Ranged Weapons
 - Level 5.0 Throwing
 - Level 10.0 Armour
 - Level 10.0 Dodging
 - Level 5.0 Stealth
 + Level 5.7 Translocations
 - Level 10.0 Invocations
 - Level 7.0 Evocations


You had 7 spell levels left.
You knew the following spells:

 Your Spells              Type           Power      Damage    Failure   Level
A - Apportation           Tloc           20%        N/A       11%         1
B - Blink                 Tloc           20%        N/A       17%         2
D - Dimensional Bullseye  Hex/Tloc       2%         N/A       98%         4

Your spell library contained the following spells:

 Spells                   Type           Power      Damage    Failure   Level
 Lesser Beckoning         Tloc           20%        N/A       17%         2
 Momentum Strike          Conj/Tloc      10%        3d8       47%         2
 Foxfire                  Conj/Fire      0%         2x1d4     75%         1
 Magic Dart               Conj           0%         1d3       75%         1
 Necrotise                Necr           0%         1d4       75%         1
 Sting                    Conj/Alch      0%         1d3       75%         1
 Summon Small Mammal      Summ           0%         N/A       75%         1
 Call Imp                 Summ           0%         N/A       86%         2
 Sublimation of Blood     Necr           0%         N/A       86%         2
 Call Canine Familiar     Summ           0%         N/A       98%         3
 Frozen Ramparts          Ice            0%         1d1       98%         3
 Inner Flame              Hex/Fire       0%         N/A       98%         3
 Ozocubu's Armour         Ice            0%         N/A       98%         3
 Sigil of Binding         Hex            0%         N/A       98%         3
 Stone Arrow              Conj/Erth      0%         3d7       98%         3
 Summon Ice Beast         Ice/Summ       0%         N/A       98%         3
 Animate Armour           Summ/Erth      0%         N/A       100%        4
 Petrify                  Alch/Erth      0%         N/A       100%        4
 Irradiate                Conj/Alch      0%         3d11      100%        5
 Metabolic Englaciation   Hex/Ice        0%         N/A       100%        5
 Summon Forest            Summ/Tloc      2%         N/A       100%        5
 Summon Mana Viper        Hex/Summ       0%         N/A       100%        5
 Conjure Ball Lightning   Conj/Air       0%         3x3d6     100%        6
 Plasma Beam              Fire/Air       0%         2x1d10    100%        6
 Starburst                Conj/Fire      0%         6d3       100%        6
 Summon Cactus Giant      Summ           0%         N/A       100%        6
 Monstrous Menagerie      Summ           0%         N/A       100%        7
 Discord                  Hex            0%         N/A       100%        8
 Disjunction              Tloc           5%         N/A       100%        8
 Ignition                 Fire           0%         3d3       100%        8
 Lehudib's Crystal Spear  Conj/Erth      0%         10d2      100%        8


Dungeon Overview and Level Annotations

Branches:
Dungeon (15/15)            Temple (1/1) D:6            Lair (5/5) D:10
 Shoals (0/4) Lair:3        Snake (0/4) Lair:2        Slime (0/5) Lair:4
    Orc (0/2) D:12         Vaults (0/5) D:14         Depths (0/4) D:15
  Sewer (visited)

Altars:
Ashenzari
Cheibriados
Dithmenos
Elyvilon
Fedhas
Gozag
Hepliaklqana
Kikubaaqudgha
Makhleb
Nemelex Xobeh
Okawaru
Qazlal
Ru
Sif Muna
Trog
Uskayaw
Vehumet
Wu Jian
Xom
Yredelemnul
Zin
The Shining One
Jiyva

Shops:
D:4 [!??   D:13 [

Annotations:
D:4 3 runed translucent doors, exclusion: 3 doors, OboGreatPlayer's ghost, novice BaHu
D:5 1 transporter, Iidacon's ghost, novice OnGl
D:11 3 runed translucent doors
D:13 1 runed translucent door, exclusion: door, Onivauz's ghost, journeyman FoFi
Lair:2 1 runed translucent door, exclusion: door, OboGreatPlayer's ghost, journeyman DrIE


Innate Abilities, Weirdness & Mutations

You have a pair of horns on your head.
You reflexively headbutt those who attack you in melee.


Message History

The stone giant closely misses you.
You shoot an arrow. The arrow hits the stone giant!
The stone giant is lightly wounded.
The stone giant hits you!
You shoot an arrow.
The arrow hits the stone giant but does no damage.
The stone giant is lightly wounded.
The stone giant completely misses you. The stone giant closely misses you.
You furiously retaliate!
You headbutt the stone giant. You shoot an arrow.
The arrow hits the stone giant!
The stone giant is moderately wounded.
The stone giant hits you!!
You shoot an arrow. The arrow hits the stone giant!
The stone giant is heavily wounded.
The stone giant hits you!
You shoot an arrow. The arrow hits the stone giant.
The stone giant is heavily wounded.
The stone giant hits you!
You are too injured to fight recklessly!
You are too injured to fight recklessly!
You are too injured to fight recklessly!
You shoot an arrow. The arrow hits the stone giant.
The stone giant is heavily wounded.
The stone giant hits you!!
You shoot an arrow.
The arrow hits the stone giant but does no damage.
The stone giant is heavily wounded.
The stone giant hits you!!
* * * LOW HITPOINT WARNING * * *
Unknown command.
Unknown command.
Blink to where?
Press: ? - help, Dir - move target, p - stone giant
As you read the scroll of blinking, it crumbles to dust.
There is an open door here.
You close the door.
A cyclops comes into view.
The cyclops shouts!
The cyclops throws a large rock.
The large rock hits you!!
You die...

#.)......≈≈#..#.............
#+###≈C≈#.≈#..'.............
#.ß.#......#..#.............
#.>.'..≈##.+..#.........####
#.ß.#......#..#.........#...
#+###≈≈≈#.≈#..#.........#...
...)....≈≈#..#.....#####...
###########..#.....#.......
.......@..#######.......
........................
.......##########..#####
....... #..# ....... #.†#
....... #..+ ....... #.u#
..C.... ########..#
........u.#


You could see a cyclops.

Vanquished Creatures
  4 hydras
  A catoblepas (Lair:4)
  An ogre mage (D:14)
  A centaur warrior (D:14)
  A merfolk avatar (Lair:5)
  A death knight (D:15)
  A boulder beetle (Lair:3)
  10 two-headed ogres
  2 tengu warriors (D:15)
  A skeletal warrior (D:14)
  A skyshark (Lair:5)
  2 arcanists (D:13)
  A sea snake (Lair:4)
  A lindwurm (Lair:4)
  Pikel (D:6)
  4 deep elf pyromancers
  2 manticores
  A wolf spider (D:15)
  6 ugly things
  2 orc knights
  4 oklob plants
  3 cyclopes
  20 elephants
  3 meliai (Lair:5)
  A black mamba (Lair:5)
  12 cane toads
  A torpor snail (Lair:4)
  3 centaur skeletons (D:14)
  3 gargoyles
  4 yaktaurs (D:15)
  Maggie (D:7)
  2 ice devils (D:12)
  15 komodo dragons
  Jeremiah (D:8)
  A kobold demonologist (D:14)
  9 rime drakes
  3 red devils (D:9)
  A queen bee (Lair:5)
  3 hornets
  3 trolls
  Prince Ribbit (D:7)
  7 polar bears
  24 blink frogs
  4 dream sheep (Lair:5)
  12 slime creatures
  A wraith (D:11)
  50 yaks
  15 wyverns
  Eustachio (D:5)
  8 basilisks
  2 spriggans (Lair:2)
  3 vampire mosquitoes (D:12)
  2 nagas (Lair:2)
  A steam dragon (Lair:5)
  An acid dragon (D:12)
  16 water moccasins
  4 black bears
  4 orc warriors
  2 sky beasts (D:7)
  Pargi (Sewer)
  3 ice beasts
  17 wolves
  5 centaurs
  3 ogres
  A boggart (D:14)
  2 phantoms
  9 kobold brigands
  A brain worm (Sewer)
  13 bullfrogs
  A gnoll sergeant (D:12)
  7 scorpions
  6 wights (D:7)
  A hornet simulacrum (D:14)
  24 killer bees
  A bombardier beetle (D:4)
  4 howler monkeys
  5 jellies
  4 hounds
  4 orc priests
  9 iguanas
  15 orc wizards
  2 sleepcaps
  A boggart skeleton (D:14)
  13 gnolls
  3 river rats (D:5)
  4 adders
  A shadow imp (D:7)
  2 white imps (D:6)
  4 ufetubi
  2 dart slugs (D:1)
  A ribbon worm (D:5)
  28 orcs
  3 bats
  6 endoplasms
  7 giant cockroaches
  2 goblins (D:2)
  6 hobgoblins
  4 jackals (D:3)
  2 quokkas
  15 ball pythons
  6 frilled lizards
  24 kobolds
  7 rats
574 creatures vanquished.

Notes
Turn   | Place    | Note
-------+----------+-------------------------------------------
     0 | D:1      | MirrMurr the Minotaur Hunter began the quest for the Orb.
     0 | D:1      | Reached XP level 1. HP: 18/18 MP: 0/0
   223 | D:1      | Reached XP level 2. HP: 18/25 MP: 1/1
   855 | D:2      | Reached skill level 5 in Ranged Weapons
   859 | D:2      | Reached XP level 3. HP: 31/31 MP: 2/2
  1338 | D:2      | Reached XP level 4. HP: 7/40 MP: 3/3
  1569 | D:3      | Noticed a centaur
  1574 | D:3      | Killed a centaur
  1575 | D:3      | Reached XP level 5. HP: 12/47 MP: 4/4
  1838 | D:3      | Reached skill level 6 in Ranged Weapons
  2005 | D:3      | Reached skill level 5 in Fighting
  2431 | D:4      | Found Zorgh's Armour Shop.
  2449 | D:4      | Reached XP level 6. HP: 37/56 MP: 5/5
  2537 | D:4      | Found Buimuost's Distillery.
  2538 | D:4      | Found a runed translucent gate.
  2539 | D:4      | Found a runed translucent gate.
  2540 | D:4      | Found a runed translucent gate.
  2540 | D:4      | Noticed OboGreatPlayer's ghost (novice BaHu)
  2576 | D:4      | Found Timoceisk's Magic Scroll Shop.
  2586 | D:4      | Bought a scroll of identify for 28 gold pieces
  2755 | D:4      | Identified the +6 quarterstaff of Deflation {freeze, rElec}
  2777 | D:4      | Found a hide-covered altar of Uskayaw.
  2789 | D:4      | Identified the +3 spear of Awkyrgh {flame, rElec rPois rF+
                  | Str+4}
  2965 | D:4      | Found Epitrok's Magic Scroll Shop.
  3144 | D:5      | Entered Level 5 of the Dungeon
  3195 | D:5      | Reached skill level 7 in Ranged Weapons
  3238 | D:5      | Identified the +9 dire flail of Cuetajij {flame, rC+ MP+9
                  | Str-5 SInv}
  3238 | D:5      | Noticed Iidacon's ghost (novice OnGl)
  3239 | D:5      | Noticed an ice beast
  3240 | D:5      | Found a transporter.
  3255 | D:5      | Killed an ice beast
  3256 | D:5      | Reached XP level 7. HP: 46/64 MP: 6/6
  3404 | D:5      | Found a shadowy altar of Dithmenos.
  3641 | D:5      | Found a glowing drain.
  3648 | Sewer    | Entered a sewer
  3656 | Sewer    | Reached skill level 8 in Ranged Weapons
  3723 | Sewer    | Noticed Pargi
  3739 | Sewer    | Killed Pargi
  3919 | D:5      | Found an ornate altar of the Wu Jian Council.
  3921 | D:5      | Noticed Eustachio
  4092 | D:5      | Found a bloodstained altar of Trog.
  4167 | D:5      | Found a burning altar of Makhleb.
  4170 | D:5      | Found an iron altar of Okawaru.
  4407 | D:5      | Found a faded altar of an unknown god.
  4407 | D:5      | Found the Hermit's Pendant {Faith Invo=14 Evo=0 MP+5}
  4427 | D:5      | Reached skill level 9 in Ranged Weapons
  4427 | D:5      | Reached XP level 8. HP: 5/73 MP: 7/7
  4721 | D:5      | Killed Eustachio
  4744 | D:6      | Found a staircase to the Ecumenical Temple.
  4885 | D:6      | Reached skill level 10 in Ranged Weapons
  4922 | Temple   | Entered the Ecumenical Temple
  4930 | Temple   | Became a worshipper of the Shining One
  5362 | D:6      | Reached skill level 1 in Stealth
  5554 | D:6      | Found a sacrificial altar of Ru.
  5934 | D:7      | Identified the +6 quarterstaff "Pididy" {heavy, rPois rF+
                  | Int-3}
  6049 | D:4      | Bought a +2 cloak of preservation for 301 gold pieces
  6218 | D:7      | Noticed Pikel
  6234 | D:6      | Killed Pikel
  6235 | D:6      | Reached skill level 5 in Dodging
  6235 | D:6      | Reached XP level 9. HP: 37/79 MP: 8/8
  6412 | D:8      | Noticed Jeremiah
  6883 | D:8      | Noticed a two-headed ogre
  6891 | D:8      | Killed a two-headed ogre
  6892 | D:8      | Reached skill level 5 in Stealth
  6987 | D:8      | Reached * piety under the Shining One
  7421 | D:7      | Noticed Maggie
  7433 | D:7      | Killed Maggie
  7561 | D:7      | Reached XP level 10. HP: 86/86 MP: 12/12
  7598 | D:7      | Reached skill level 5 in Invocations
  7691 | D:7      | Reached skill level 5 in Evocations
  7862 | D:7      | Identified the +6 long sword "Atikajuy" {flame, *Noise Fly
                  | Dex+8}
  7896 | D:7      | Reached ** piety under the Shining One
  8073 | D:7      | Noticed Prince Ribbit
  8078 | D:7      | Killed Prince Ribbit
  8096 | D:7      | Identified the beast talisman of Taaturph {rF+ Will+}
  8109 | D:7      | Found a sparkling altar of Nemelex Xobeh.
  8112 | D:7      | Found a glowing silver altar of Zin.
  8420 | D:8      | Found a broken altar of Ashenzari.
  8489 | D:8      | Killed Jeremiah
  8490 | D:8      | Reached skill level 11 in Ranged Weapons
  8980 | D:9      | Found a hazy altar of Hepliaklqana.
  8991 | D:9      | Found a shimmering blue altar of Sif Muna.
  9205 | D:4      | Bought a potion of haste for 140 gold pieces
  9205 | D:4      | Bought a potion of heal wounds for 70 gold pieces
  9332 | D:8      | Reached skill level 12 in Ranged Weapons
  9499 | D:9      | Found a radiant altar of Vehumet.
  9543 | D:9      | Reached skill level 13 in Ranged Weapons
  9546 | D:9      | Paralysed by a hornet for 3 turns
  9571 | D:9      | Reached XP level 11. HP: 68/92 MP: 13/13
  9672 | D:9      | Noticed a two-headed ogre
  9682 | D:9      | Killed a two-headed ogre
  9822 | D:9      | Identified the +4 scale mail "Upyuf" {Int+3}
  9906 | D:9      | Reached skill level 14 in Ranged Weapons
 10185 | D:9      | Learned a level 1 spell: Apportation
 10188 | D:9      | Learned a level 2 spell: Blink
 10193 | D:9      | Learned a level 4 spell: Dimensional Bullseye
 10449 | D:9      | Found a shimmering altar of Xom.
 10449 | D:9      | Noticed a two-headed ogre
 10459 | D:9      | Killed a two-headed ogre
 10555 | D:9      | Found a stormy altar of Qazlal.
 10640 | D:10     | Entered Level 10 of the Dungeon
 10676 | D:10     | Found a staircase to the Lair.
 11168 | D:10     | Noticed a two-headed ogre
 11188 | D:10     | Killed a two-headed ogre
 11189 | D:10     | Reached skill level 10 in Fighting
 11189 | D:10     | Reached skill level 1 in Translocations
 11244 | D:10     | Found a viscous altar of Jiyva.
 11732 | D:11     | Identified the +6 falchion "Vuoruv" {drain, rPois Dex+3
                  | SInv}
 11763 | D:11     | Noticed a two-headed ogre
 11772 | D:11     | Killed a two-headed ogre
 11852 | D:11     | Noticed a cyan ugly thing
 11868 | D:11     | Killed a cyan ugly thing
 12070 | D:11     | Reached *** piety under the Shining One
 12158 | D:11     | Noticed a two-headed ogre
 12166 | D:11     | Killed a two-headed ogre
 12187 | D:11     | Found a runed translucent gate.
 12187 | D:11     | Found a runed translucent gate.
 12187 | D:11     | Found a runed translucent gate.
 12188 | D:11     | Noticed a cyan ugly thing
 12189 | D:11     | Noticed a white ugly thing
 12190 | D:11     | Noticed a white ugly thing
 12191 | D:11     | Noticed a green ugly thing
 12191 | D:11     | Noticed a brown ugly thing
 12232 | D:11     | You fall into a shaft and drop 1 floor!
 12238 | D:12     | Noticed a two-headed ogre
 12275 | D:12     | Reached skill level 5 in Throwing
 12348 | D:12     | Reached XP level 12. HP: 99/106 MP: 10/14
 12378 | D:12     | Reached skill level 1 in Armour
 12900 | D:11     | Reached skill level 5 in Translocations
 13022 | D:12     | Noticed a two-headed ogre
 13029 | D:12     | Killed a two-headed ogre
 13392 | D:12     | Found a staircase to the Orcish Mines.
 13647 | D:12     | Killed a two-headed ogre
 13648 | D:12     | Reached skill level 5 in Armour
 13747 | Lair:1   | Entered Level 1 of the Lair of Beasts
 14378 | Lair:1   | Reached **** piety under the Shining One
 15289 | Lair:2   | Reached XP level 13. HP: 107/113 MP: 15/15
 15482 | Lair:2   | Found a runed translucent door.
 15483 | Lair:2   | Noticed OboGreatPlayer's ghost (journeyman DrIE)
 15485 | Lair:2   | Identified the +4 trident of the Telling Madman {flame,
                  | rPois Str+5}
 15518 | Lair:2   | Reached skill level 10 in Dodging
 15583 | Lair:2   | Found a staircase to the Snake Pit.
 15813 | Lair:2   | Reached skill level 10 in Armour
 16153 | Lair:2   | Identified the +3 long sword "Vugulaty" {flame, Str+4}
 17106 | Lair:3   | Found a staircase to the Shoals.
 17771 | Lair:3   | Found a hide-covered altar of Uskayaw.
 17771 | Lair:3   | Found an ornate altar of the Wu Jian Council.
 18697 | Lair:4   | Found a staircase to the Slime Pits.
 20117 | Lair:4   | Reached skill level 10 in Invocations
 20156 | Lair:4   | Reached XP level 14. HP: 34/121 MP: 20/20
 20936 | Lair:5   | Entered Level 5 of the Lair of Beasts
 21065 | Lair:5   | Reached ***** piety under the Shining One
 21620 | Lair:5   | Reached skill level 15 in Ranged Weapons
 22844 | D:4      | Bought a scroll of identify for 28 gold pieces
 22844 | D:4      | Bought a scroll of identify for 28 gold pieces
 22844 | D:4      | Bought a scroll of identify for 28 gold pieces
 22844 | D:4      | Bought a scroll of blinking for 105 gold pieces
 23137 | Lair:5   | Reached skill level 16 in Ranged Weapons
 24361 | D:13     | Found a runed translucent door.
 24423 | D:13     | Noticed Onivauz's ghost (journeyman FoFi)
 24467 | D:13     | Found Veng's Antique Armour Boutique.
 26008 | D:14     | Reached XP level 15. HP: 138/138 MP: 21/21
 26749 | D:14     | Found a gate to the Vaults.
 27012 | D:15     | Entered Level 15 of the Dungeon
 28162 | D:15     | Reached skill level 15 in Fighting
 28312 | D:15     | Found a staircase to the Depths.
 28330 | D:15     | Hit by a large rock thrown by a cyclops

Illustrated notes

Levels and vault maps discovered:
D:1:      elethiomel_arrival_quiet, layout_basic, st_stairs_10,
          chequers_serial_rivers_room_a, minmay_circled_x
D:2:      layout_basic
D:3:      layout_loops_ring
D:4:      layout_basic, nicolae_uskayaw_dance_hall, serial_shops, shop, shop,
          nicolae_shop_advertising_works [nicolae_subvault_shop_adworks],
          shop_scrolls, gammafunk_ghost_split, minmay_gold_behind_fungi,
          minmay_misc_feat_more_columns
D:5:      layout_loops_ring, mainiacjoe_overflow_surrounded_room,
          nicolae_dithmenos_the_darkroom, trog_butcher_becter,
          chequers_temple_overflow_statue_of_worship, gammafunk_ghost_smash,
          lightli_sewer_entry_pipes, hellmonk_guarded_unrand_hermit,
          uniq_eustachio
D:6:      layout_cave_pools, nicolae_ru_awakened_eye,
          minmay_temple_entry_statues_fountains
D:7:      minmay_razor_zed, layout_loops_cross, nicolae_overflow_squiral,
          uniq_prince_ribbit1, uniq_maggie, uniq_pikel
D:8:      layout_gridville, nicolae_ashenzari_panopticon, uniq_jeremiah
D:9:      layout_roguey, lemuel_coloured_pillars_altar,
          nicolae_vehumet_altar_sigil, amethyst_overflow_temple_binary,
          general_overflow_altar, einodemon_armed_red_devil_minivault
D:10:     layout_rooms, david_lair_generic, jiyva_altar_1
D:11:     layout_basic, ploomutoo_gammafunk_ghost_potion_laboratory,
          kennysheep_generic_room_10
D:12:     layout_big_octagon, portal_ice_cave_demonic_guard
D:13:     layout_basic, serial_shops, nicolae_shop_tiny_real_fake_doors,
          ebering_ghost_reflecting_pool
D:14:     layout_loops_cross, hangedman_vaults_entry_quadrant_bands,
          minmay_misc_feat_room
D:15:     grunt_enter_depths_snipers, layout_irregular_city,
          hangedman_decor_slide_cut
Temple:   nicolae_temple_little_seven
Lair:1:   minmay_lair_oklob_chamber, layout_chaotic_city
Lair:2:   layout_regular_city, guppyfry_snake_entry_garden,
          ebering_ghost_funeral_grove, forest_entry_grove,
          infiniplex_staircase_pool, lemuel_fruit_tree
Lair:3:   layout_cave_pods, shoals_dummy_entry, minivault_27,
          chequers_serial_rivers_micro_a, small_statue_intersection,
          nzn_masters_of_martial_movement, serial_bayou_shore_b
Lair:4:   regret_index_malice_mire, layout_loops_ring, slime_entry_1,
          minmay_lair_oklob_bushes, infiniplex_staircase_pool_2,
          grunt_megastairs_4
Lair:5:   gammafunk_lair_ancient_temple, layout_misc_corridors, special_room
          [special_room_bee], grunt_megastairs_3

Skill      XL: |  1  2  3  4  5  6  7  8  9 10 11 12 13 14 15 |
---------------+----------------------------------------------+-----
Fighting       | 3 4 5 6 7 10 14 15 | 15.1
Ranged Weapons | 5 6 7 9 10 13 14 16 | 16.0
Throwing       | 2 4 5 |  5.0
Stealth        | 4 5 |  5.0
Dodging        | 5 9 10 | 10.0
Invocations    | 4 5 10 | 10.0
Evocations     | 4 5 7 |  7.0
Translocations | 4 5 |  5.7
Armour         | 8 10 | 10.0

Action                     |  1- 3 |  4- 6 |  7- 9 | 10-12 | 13-15 || total
---------------------------+-------+-------+-------+-------+-------++-------
  Melee: Orcbow            |       |       |     3 |     1 |       ||     4
         Headbutt          |       |       |     1 |     1 |       ||     2
   Fire: Shortbow          |   105 |    16 |       |       |       ||   121
         Orcbow            |       |   102 |   313 |   880 |  1455 ||  2750
         Longbow           |       |       |       |       |    16 ||    16
         Arbalest          |       |       |       |       |     7 ||     7
  Throw: Dart              |       |       |     8 |     7 |       ||    15
   Cast: Apportation       |       |       |       |     6 |     6 ||    12
         Blink             |       |       |       |       |     1 ||     1
 Invoke: Divine Shield     |       |       |       |       |     1 ||     1
  Evoke: Wand              |       |       |     1 |     6 |     2 ||     9
    Use: Scroll            |       |     7 |     3 |     2 |    10 ||    22
         Potion            |       |       |     3 |     1 |     4 ||     8
 Armour: Ring mail         |    30 |    46 |   162 |       |       ||   238
         Steam dragon scal |       |       |       |   259 |   369 ||   628
         Scale mail        |       |       |       |       |   221 ||   221
  Dodge: Dodged            |    36 |    39 |    98 |   234 |   589 ||   996
  Block: Other             |       |       |       |       |     4 ||     4

Table legend: (Time is in decaauts)
 A = Elapsed time spent in this place.
 B = Non-inter-level travel time spent in this place.
 C = Inter-level travel time spent in this place.
 D = Time resting spent in this place.
 E = Time spent auto-exploring this place.
 F = Levels seen in this place.
 G = Mean time per level.
                   A        B        C        D        E       F      G
               +--------+--------+--------+--------+--------+-----+--------+
         Total |  28162 |  25607 |   2555 |    832 |  19973 |  22 | 1280.1 |
       Dungeon |  18427 |  16657 |   1770 |    471 |  13187 |  15 | 1228.5 |
        Temple |     16 |      8 |      8 |      0 |      0 |   1 |   16.0 |
          Lair |   9508 |   8733 |    775 |    361 |   6632 |   5 | 1901.6 |
         Sewer |    209 |    209 |      0 |      0 |    153 |   1 |  209.0 |
               +--------+--------+--------+--------+--------+-----+--------+

Top non-repeatable levels by time:
  Lair:3: 2519 daAuts
  Lair:4: 2339 daAuts
     D:5: 2249 daAuts
    D:14: 2200 daAuts
     D:9: 1714 daAuts
  Lair:5: 1694 daAuts
     D:7: 1676 daAuts
    D:11: 1537 daAuts
  Lair:1: 1505 daAuts
  Lair:2: 1450 daAuts
     D:8: 1259 daAuts
    D:13: 1136 daAuts
     D:4: 920 daAuts
     D:3: 912 daAuts
    D:15: 891 daAuts
